 Dungeon Crawl Stone Soup version 0.31-a0-986-g5e6e4ef867 (webtiles) character file.

Game seed: 18089015835139389469

50 lunkers the Cudgeller (level 4, -1/38 HPs)
             Began as a Meteoran Fighter on Nov 10, 2023.
             Slain by a gnoll
             ... wielding a +0 club
              (5 damage)
             ... on level 2 of the Dungeon.
             The game lasted 00:01:26 (591 turns).

lunkers the Cudgeller (Meteoran Fighter)             Turns: 591, Time: 00:01:27

Health: -1/38      AC:  8    Str: 17    XL:     4   Next: 24%
Magic:  5/5        EV:  9    Int: 10    God:
Gold:   30         SH:  5    Dex: 15    Spells: 3/3 levels left

rFire   . . .        a - +0 flail
rCold   . . .        c - +0 buckler
rNeg    . . .        b - +0 scale mail
rPois   .            (no helmet)
rElec   .            (no cloak)
rCorr   .            i - +0 pair of gloves
SInv    .            (no boots)
Will    .....        (no amulet) Stlth
                     (no ring)
HPRegen 0.26/turn    (no ring)
MPRegen 0.09/turn

%: no passive effects
@: glowing
A: sense surroundings 1, otherworldly, glowing, explore regen
a: no special abilities


You were on level 2 of the Dungeon.
You visited 1 branch of the dungeon, and saw 2 of its levels.

You collected 30 gold pieces.

Inventory:

Hand Weapons
 a - a +0 flail (weapon)
Armour
 b - a +0 scale mail (worn)
 c - a +0 buckler (worn)
 i - a +0 pair of gloves (worn)
Scrolls
 e - 3 scrolls of identify {unknown}
 h - a scroll of teleportation {unknown}
Potions
 d - a potion of might
 f - a potion of curing {unknown}
 g - a potion of mutation {unknown}


   Skills:
 - Level 3.2 Fighting
 * Level 5.3 Maces & Flails
 - Level 3.2 Armour
 - Level 3.2 Shields


You had 3 spell levels left.
You didn't know any spells.
Your spell library was empty.

Dungeon Overview and Level Annotations

Branches:
Dungeon (2/15) Zot: 592

Altars:


Innate Abilities, Weirdness & Mutations

You passively map a small area around you.
You are easily found by Zot.
You glow in the dark.
You regain HP and MP as you explore.


Message History

The gnoll closely misses you.
The gnoll hits you from afar with a +0 spear.
* * * LOW HITPOINT WARNING * * *
The quokka closely misses you.
You closely miss the gnoll.
The gnoll is severely wounded.
The gnoll closely misses you. The gnoll hits you but does no damage.
You block the quokka's attack.
Unknown command.
You barely miss the gnoll.
The gnoll is severely wounded.
The quokka barely misses you. You block the gnoll's attack.
The quokka barely misses you. The gnoll hits you but does no damage.
The gnoll closely misses you. The gnoll hits you with a +0 club!
* * * LOW HITPOINT WARNING * * *
Unknown command.
You hit the gnoll.
The gnoll is almost dead.
The quokka closely misses you. The gnoll hits you with a +0 club.
* * * LOW HITPOINT WARNING * * *
The gnoll hits you but does no damage. x2
You completely miss the gnoll.
The gnoll is almost dead.
You block the quokka's attack. The gnoll closely misses you.
The gnoll misses you. You block the gnoll's attack.
The quokka bites you but does no damage.
Unknown command.
You hit the gnoll.
You kill the gnoll!
The gnoll hits you from afar with a +0 spear!
* * * LOW HITPOINT WARNING * * *
The gnoll hits you but does no damage.
The quokka bites you but does no damage.
Unknown command.
Unknown command.
You sock the gnoll!
The gnoll is severely wounded.
You block the quokka's attack. The gnoll barely misses you.
The gnoll hits you with a +0 club.
You die...

##### *, ....# , , , , ....# , ,
....######## , , ...........#
,,,. , ,... ....##.###.# *,.... ,
...
....†......#########.....######.#
....##.##.......)g...........##.#
....##)#####...$@rg..........##.#
######.### ########..###.....##.#
#.....## # * #...†... #.###..# *
* * #.#.#... #.# ##.# , #......#
#.# #.## .#* ###...##.# #.# #..#
#.# #.....##.# #.# ##.# ..#
#.##..##.# #.# #.# #.# #.
#.##...#..


You could see 2 gnolls and a quokka.

Vanquished Creatures
  2 gnolls (D:2)
  An adder (D:2)
  A bat (D:1)
  2 giant cockroaches
  5 goblins
  3 hobgoblins
  2 ball pythons
  A frilled lizard (D:2)
  3 kobolds (D:1)
  2 rats (D:1)
22 creatures vanquished.

Notes
Turn   | Place    | Note
-------+----------+-------------------------------------------
     0 | D:1      | lunkers the Meteoran Fighter began the quest for the Orb.
     0 | D:1      | Reached XP level 1. HP: 19/19 MP: 2/2
   151 | D:1      | Reached skill level 3 in Maces & Flails
   214 | D:1      | Reached XP level 2. HP: 19/26 MP: 3/3
   390 | D:1      | Reached skill level 4 in Maces & Flails
   457 | D:2      | Reached XP level 3. HP: 27/31 MP: 4/4
   585 | D:2      | Reached skill level 5 in Maces & Flails
   585 | D:2      | Reached XP level 4. HP: 25/38 MP: 5/5
   591 | D:2      | Slain by a gnoll

Illustrated notes

Levels and vault maps discovered:
D:1:      dpeg_cavernosity, layout_loops_ring
D:2:      layout_rooms, due_unseen_surprise

Skill      XL: |  1  2  3 |
---------------+----------+-----
Maces & Flails | 3 4 5 |  5.3
Fighting       | |  3.2
Armour         | |  3.2
Shields        | |  3.2

Action                     |  1- 3 |  4- 6 || total
---------------------------+-------+-------++-------
  Melee: Flail             |    61 |     7 ||    68
 Armour: Scale mail        |    37 |    12 ||    49
  Dodge: Dodged            |    34 |    10 ||    44
  Block: Buckler           |     8 |     5 ||    13

Table legend: (Time is in decaauts)
 A = Elapsed time spent in this place.
 B = Non-inter-level travel time spent in this place.
 C = Inter-level travel time spent in this place.
 D = Time resting spent in this place.
 E = Time spent auto-exploring this place.
 F = Levels seen in this place.
 G = Mean time per level.
                   A        B        C        D        E       F      G
               +--------+--------+--------+--------+--------+-----+--------+
         Total |    606 |    587 |     19 |      0 |    423 |   2 |  303.0 |
       Dungeon |    606 |    587 |     19 |      0 |    423 |   2 |  303.0 |
               +--------+--------+--------+--------+--------+-----+--------+

Top non-repeatable levels by time:
     D:1: 434 daAuts
     D:2: 171 daAuts
